Map: Heavy Artillery LE

Players

KTR

  • Race: Zerg Zerg
  • Spawn Location: 1:00

Xeno

  • Race: Zerg Zerg
  • League: Diamond
  • Spawn Location: 3:00

Massa - Winner!

  • Race: Terran Terran
  • League: Platinum
  • Spawn Location: 7:00

qqq - Winner!

  • Race: Zerg Zerg
  • Spawn Location: 7:00

VOD

Have the link to the VOD?

Description

Time

  • Played on: Nov. 1, 2020, 6:34 a.m.
  • Length: 11:44
Show
View Real Time Build Order
Export as new Build Order

KTR Zerg 

Build Orders: Pool First, Lurkers, Roach Hydra 

Get SALT Encoding   

  12  0:00  Drone  
  13  0:13  Overlord  
  13  0:18  Drone  
  14  0:31  Drone x2  
  14  0:35  Drone  
  17  0:38  Extractor  
  16  0:45  Drone  
  17  0:52  Spawning Pool  
  16  0:57  Drone  
  17  1:41  Hatchery  
  17  1:47  Drone x2  
  17  1:48  Extractor  
  17  1:50  Overlord  
  17  1:51  Roach Warren  
  16  1:59  Metabolic Boost  
  16  2:10  Queen  
  18  2:15  Drone  
  18  2:22  Overlord  
  19  2:27  Drone  
  20  2:32  Drone  
  21  2:43  Roach  
  23  2:54  Roach x2  
  27  3:03  Queen  
  27  3:05  Roach  
  31  3:14  Roach  
  33  3:23  Roach x2  
  33  3:26  Roach  
  39  3:33  Roach  
  41  3:44  Roach  
  41  3:46  Overlord  
  43  3:53  Ravager  
  44  4:01  Overlord  
  44  4:02  Overlord  
  44  4:10  Roach  
  44  4:38  Drone x8  
  52  4:47  Lair  
  52  4:55  Ravager  
  52  4:56  Ravager  
  54  5:09  Ravager  
  50  5:28  Drone  
  50  5:29  Drone x11  
  50  5:32  Extractor  
  50  5:33  Extractor  
  55  6:00  Hydralisk Den  
  55  6:02  Spore Crawler  
  55  6:03  Spore Crawler  
  55  6:04  Drone x4  
  56  6:13  Spore Crawler  
  56  6:15  Spore Crawler  
  56  6:16  Drone x7  
  47  6:34  Hatchery  
  46  6:43  Muscular Augments  
  46  6:52  Hydralisk  
  46  6:53  Hydralisk x5  
  58  6:58  Queen  
  60  7:04  Spore Crawler  
  59  7:15  Hydralisk  
  59  7:16  Hydralisk x3  
  67  7:35  Hatchery, Hydralisk x2  
  68  7:49  Glial Reconstitution  
  68  7:54  Grooved Spines  
  68  7:56  Evolution Chamber  
  67  7:58  Evolution Chamber  
  66  8:09  Hydralisk  
  68  8:22  Spore Crawler  
  67  8:37  Spore Crawler  
  67  8:40  Zergling x2  
  67  8:41  Zergling x2  
  68  8:44  Overlord  
  68  8:45  Overlord x12  
  68  8:48  Zerg Missile Weapons Level 1  
  68  8:49  Zerg Ground Armor Level 1  
  68  8:56  Drone x3  
  68  8:57  Drone  
  72  9:07  Overseer  
  72  9:13  Spore Crawler  
  72  9:15  Spore Crawler  
  72  9:17  Queen, Spore Crawler  
  71  9:36  Drone x5  
  71  9:37  Drone x6  
  82  9:50  Lurker Den, Zergling x2  
  82  9:51  Zergling x8  
  84  9:59  Drone  
  85  10:00  Drone x2  
  85  10:02  Extractor  
  86  10:08  Extractor  
  86  10:09  Hydralisk x3  
  91  10:22  Infestation Pit  
  91  10:25  Drone  
  87  10:33  Drone x3  
  87  10:35  Drone x3  
  92  10:37  Overlord x2  
  88  11:18  Hydralisk x2  
  72  11:23  Lurker x2  
  74  11:28  Lurker x3  
Show
View Real Time Build Order
Export as new Build Order

Xeno Zerg 

Build Orders: Pool First 

Get SALT Encoding   

  12  0:01  Drone  
  13  0:12  Overlord  
  13  0:17  Drone  
  14  0:31  Drone x2  
  14  0:35  Drone  
  17  0:37  Extractor  
  16  0:45  Drone  
  17  0:52  Spawning Pool  
  16  0:59  Drone  
  17  1:22  Hatchery  
  16  1:27  Drone  
  17  1:43  Queen  
  19  1:55  Metabolic Boost  
  19  2:00  Roach Warren  
  18  2:04  Drone x2  
  20  2:15  Overlord  
  20  2:21  Overlord  
  20  2:45  Roach x4  
  20  2:50  Roach  
  30  3:03  Zergling x2  
  30  3:04  Zergling x6  
  34  3:10  Zergling x2  
  34  3:11  Zergling x2  
  36  3:18  Zergling x2  
  37  3:23  Overlord  
  37  3:32  Ravager x2  
  39  3:35  Zergling x6  
  40  3:54  Ravager  
  38  4:01  Zergling x2  
  38  4:02  Zergling x10  
  44  4:19  Overlord x2  
  44  4:35  Drone  
  44  4:36  Drone x4  
  49  5:07  Ravager x2  
  48  5:27  Drone x4  
  48  5:28  Drone x2  
  45  5:56  Spore Crawler  
  39  5:58  Spore Crawler  
  39  5:59  Spore Crawler  
  39  6:00  Spore Crawler  
  39  6:01  Zergling x2  
  39  6:02  Zergling x10  
  36  6:15  Drone  
  36  6:16  Drone, Queen  
  37  6:19  Spore Crawler  
  37  6:21  Lair  
  37  6:24  Extractor  
  35  6:33  Spore Crawler  
  35  6:37  Drone x6  
  40  6:46  Overlord x2  
  40  7:03  Overlord x2  
  40  7:04  Overlord x3  
  40  7:09  Drone  
  40  7:13  Queen  
  37  7:26  Spire  
  37  7:29  Drone  
  37  7:30  Drone x6  
  43  7:40  Spore Crawler  
  43  7:41  Drone x2  
  43  7:42  Drone x2  
  46  7:44  Extractor  
  46  7:46  Extractor  
  44  8:05  Drone x8  
  52  8:19  Overlord x2  
  52  8:27  Spore Crawler  
  51  8:36  Spore Crawler  
  51  8:38  Corruptor x5  
  60  9:11  Overseer  
  60  9:12  Hatchery  
  59  9:20  Corruptor x4  
  59  9:21  Corruptor  
  69  9:31  Pneumatized Carapace  
  69  9:40  Corruptor  
  69  9:42  Infestation Pit  
  70  9:57  Corruptor x2  
  74  10:14  Hatchery  
  73  10:22  Corruptor x2  
  77  10:31  Zergling x2  
  77  10:32  Zergling x22  
  80  11:13  Zergling x16  
  68  11:26  Zergling x12  
  68  11:27  Zergling x12  
Show
View Real Time Build Order
Export as new Build Order

Massa Terran - Winner!

Build Orders:  

Get SALT Encoding   

  12  0:00  SCV  
  13  0:12  SCV  
  14  0:24  SCV  
  14  0:25  Supply Depot  
  15  0:47  SCV  
  15  0:48  Barracks  
  16  0:55  Refinery  
  16  0:59  SCV  
  17  1:11  SCV  
  18  1:23  SCV  
  19  1:35  Marine  
  20  1:40  Orbital Command  
  20  1:44  Command Center  
  20  1:53  Marine  
  21  2:07  SCV  
  22  2:15  Barracks Reactor  
  22  2:19  Factory  
  22  2:20  SCV  
  23  2:23  Supply Depot  
  23  2:45  SCV  
  23  2:48  Supply Depot  
  24  2:54  Marine x2  
  24  2:57  SCV  
  27  3:12  Marine x2  
  29  3:18  Refinery  
  29  3:19  Orbital Command  
  29  3:20  SCV  
  29  3:23  Starport  
  29  3:26  Factory Tech Lab, Supply Depot  
  30  3:29  Supply Depot  
  30  3:30  Marine x2  
  30  3:32  SCV  
  32  3:44  SCV  
  32  3:48  Marine x2  
  33  3:49  Starport  
  34  3:59  SCV x2  
  36  4:07  Starport Tech Lab  
  35  4:11  SCV x2  
  35  4:12  Engineering Bay  
  34  4:32  Siege Tank  
  34  4:35  Banshee  
  41  4:43  Barracks x2  
  41  4:45  Barracks  
  40  5:08  Refinery  
  40  5:09  Refinery  
  40  5:42  Barracks Reactor x2, Barracks Tech Lab x2  
  37  5:56  Starport Tech Lab  
  37  5:57  Supply Depot  
  37  5:58  Supply Depot  
  37  5:59  Supply Depot  
  37  6:00  Supply Depot  
  35  6:19  Banshee, SCV x2, Siege Tank  
  35  6:23  Supply Depot  
  43  6:31  SCV x2  
  45  6:35  Combat Shield, Stimpack  
  45  6:43  Medivac  
  45  6:44  SCV x2  
  45  6:45  Marauder, Marine x2  
  45  6:46  Marauder, Marine x2  
  57  6:56  SCV x2  
  59  7:03  Marine  
  59  7:07  Marauder  
  59  7:08  SCV x2  
  64  7:11  Marine x3  
  64  7:12  Marauder  
  69  7:21  Marine  
  70  7:25  Cloaking Field  
  70  7:30  Missile Turret  
  70  7:35  Supply Depot  
  70  7:36  Supply Depot  
  70  7:37  Supply Depot  
  70  7:38  Command Center  
  70  7:40  Missile Turret  
  70  7:54  Concussive Shells  
  70  7:57  Marauder x2, Medivac x2  
  70  7:58  Marine x4  
  82  7:59  Supply Depot  
  82  8:00  Supply Depot  
  82  8:05  SCV x2  
  84  8:15  Marine x2  
  84  8:17  SCV x2, Marine  
  84  8:18  Marine  
  84  8:19  Marauder x2  
  94  8:27  Medivac  
  94  8:29  SCV  
  94  8:33  Marine x2  
  99  8:35  Marine x2  
  99  8:40  Marauder x2  
  105  8:51  Marine  
  103  9:15  Marauder x2  
  103  9:16  Marine x4  
  111  9:33  Marine  
  111  9:34  Marine x3  
  111  9:35  Siege Tank  
  111  9:36  Marauder x2  
  122  9:47  SCV  
  122  9:48  SCV  
  122  9:51  Marine  
  125  9:58  Supply Depot x3  
  125  10:12  Supply Depot  
  125  10:15  Armory  
  125  10:18  Engineering Bay  
  125  10:19  SCV x2, Marauder x2, Marine x2, Siege Tank  
  136  10:23  Armory, Supply Depot  
  136  10:24  Supply Depot  
  136  10:26  Supply Depot  
  136  10:31  SCV x2  
  136  10:35  Supply Depot  
  138  10:41  Marauder x2  
  142  10:43  SCV x2, Planetary Fortress  
  144  10:55  SCV x2  
  146  10:57  Supply Depot  
  146  11:02  Marauder x2  
  150  11:08  SCV x2  
  146  11:20  Supply Depot  
Show
View Real Time Build Order
Export as new Build Order

qqq Zerg - Winner!

Build Orders: Hatch First 

Get SALT Encoding   

  12  0:00  Drone  
  13  0:08  Drone  
  14  0:36  Hatchery  
  13  0:43  Drone  
  14  0:57  Spawning Pool  
  13  1:07  Overlord  
  13  1:13  Drone  
  13  1:18  Extractor, Drone  
  14  1:28  Drone  
  15  1:48  Drone  
  15  1:49  Queen  
  15  1:51  Drone x2  
  15  1:52  Drone  
  21  2:01  Drone  
  21  2:03  Drone  
  23  2:15  Spine Crawler  
  22  2:18  Queen  
  22  2:22  Drone  
  25  2:26  Drone  
  25  2:28  Drone  
  27  2:40  Drone  
  27  2:43  Spine Crawler  
  27  2:48  Lair  
  27  2:55  Drone  
  27  2:56  Overlord  
  28  3:11  Overlord  
  28  3:26  Drone x2  
  28  3:27  Drone, Spine Crawler  
  30  3:30  Drone  
  31  3:43  Drone  
  31  3:44  Spine Crawler  
  31  3:47  Drone x2  
  33  3:52  Drone  
  34  3:56  Drone x2  
  34  3:57  Drone x2  
  38  4:04  Drone  
  38  4:05  Spire  
  38  4:06  Drone  
  39  4:15  Extractor  
  38  4:22  Drone  
  38  4:23  Drone  
  40  4:24  Extractor  
  40  4:25  Spine Crawler  
  40  4:26  Extractor, Spine Crawler  
  40  4:28  Drone x3, Spine Crawler  
  40  4:29  Drone  
  39  4:35  Drone  
  39  4:36  Drone x2  
  42  4:51  Spine Crawler  
  41  4:54  Drone  
  42  5:04  Overlord x3  
  42  5:10  Drone x2  
  42  5:11  Hatchery  
  42  5:12  Drone  
  44  5:17  Overlord  
  44  5:25  Spine Crawler  
  44  5:26  Drone x2  
  45  5:28  Mutalisk  
  47  5:37  Mutalisk x2  
  51  5:46  Mutalisk  
  51  5:47  Mutalisk  
  51  5:48  Mutalisk  
  55  6:01  Mutalisk x2  
  52  6:24  Drone  
  52  6:25  Drone x3  
  56  6:26  Mutalisk x2  
  56  6:31  Drone  
  61  6:35  Drone  
  62  6:50  Drone, Mutalisk  
  62  6:51  Mutalisk  
  62  6:52  Zerg Flyer Weapons Level 1  
  67  7:02  Mutalisk x2  
  67  7:03  Drone x2  
  67  7:04  Drone  
  74  7:18  Spine Crawler  
  73  7:26  Drone x3, Mutalisk x2  
  73  7:28  Drone x2  
  80  7:37  Drone  
  81  7:46  Drone  
  81  7:47  Overlord  
  81  7:48  Overlord  
  82  7:54  Hatchery  
  81  8:12  Hatchery  
  70  8:42  Drone x3  
  70  8:45  Extractor  
  70  8:46  Extractor  
  70  8:47  Queen, Infestation Pit  
  73  8:55  Drone, Mutalisk  
  73  8:56  Mutalisk x3  
  73  8:59  Zerg Flyer Armor Level 1  
  81  9:02  Overlord  
  81  9:03  Overlord  
  81  9:17  Mutalisk x2  
  81  9:18  Drone  
  81  9:19  Drone x3  
  89  9:28  Mutalisk x3  
  89  9:30  Drone  
  96  9:32  Drone x2  
  98  9:42  Drone x3, Spine Crawler  
  100  9:47  Hatchery, Hive  
  100  9:51  Drone  
  100  9:56  Mutalisk  
  100  9:57  Mutalisk x3  
  100  9:58  Overlord x3  
  100  9:59  Overlord  
  108  10:04  Drone x2  
  110  10:07  Spine Crawler  
  110  10:09  Spine Crawler  
  110  10:13  Drone x3, Spine Crawler  
  110  10:14  Spine Crawler  
  110  10:15  Drone x3  
  110  10:19  Mutalisk x3  
  118  10:33  Drone x3  
  118  10:35  Mutalisk x2  
  121  10:36  Overlord x2  
  121  10:37  Overlord x4  
  123  10:56  Mutalisk x2  
  123  10:57  Mutalisk  
  123  10:58  Drone x3  
  123  10:59  Drone x2  
  130  11:29  Drone x6  
  130  11:30  Drone  
  147  11:36  Extractor  
  147  11:38  Extractor  
Tags
 
Add a new tag
Caveats
  • Supply blocks, unpowered buildings, or Contaminate may cause inaccurate times.
  • Supply counts are checked every 10 seconds.